 Dungeon Sprint DCSS version 0.21.0 (webtiles) character file.

22628 wojtek the Shatterer (level 12, -14/112 HPs)
             Began as a Minotaur Berserker on Jan 7, 2018.
             Was a Priest of Trog.
             Demolished by Tiamat
             ... wielding a +3 vampiric demon trident
              (20 damage)
             ... in the Dungeon (Sprint I: "Red Sonja").
             The game lasted 00:18:44 (2702 turns).

wojtek the Shatterer (Minotaur Berserker)           Turns: 2702, Time: 00:18:45

Health: -14/112    AC: 25    Str: 27      XL:     12   Next: 64%
Magic:  0/3        EV: 12    Int:  4      God:    Trog [***...]
Gold:   196        SH:  0    Dex:  9 (10) Spells: 11/11 levels left

rFire    + + +     SeeInvis +   a - +1 dire flail (antimagic)
rCold    + . .     Gourm    .   (shield currently unavailable)
rNeg     + . .     Faith    .   w - +4 gold dragon scales
rPois    +         Spirit   +   q - +2 hat
rElec    .         Reflect  .   p - scarf {Spirit}
rCorr    .         Harm     .   (no gloves)
MR       ++...     NoTele   +   o - +0 pair of boots "Raett" {rF+}
Stlth    ..........             j - amulet of the Quahog {rF+ Regen+ SInv}
HPRegen  1.68/turn              r - ring of positive energy
MPRegen  0.08/turn              G - ring of see invisible

@: corroded, regenerating
A: retaliatory headbutt, horns 2, deterioration 1, frail 1
a: Berserk, Trog's Hand, Burn Spellbooks, Renounce Religion


You were in the Dungeon.
You worshipped Trog.
Trog was most pleased with you.
You were near starving.

You visited 1 branch You collected 4097 gold pieces.
You spent 3901 gold pieces at shops.

Inventory:

Hand Weapons
 a - a +1 antimagic dire flail (weapon)
Missiles
 x - a throwing net (quivered)
Armour
 o - the +0 pair of boots "Raett" (worn) {rF+}
   (You bought it in a shop in the Dungeon)

   It protects you from fire.
 p - a scarf of spirit shield (worn)
 q - a +2 hat (worn)
 s - a +1 plate armour of cold resistance
 w - +4 gold dragon scales (worn)
Jewellery
 b - an uncursed amulet of regeneration
 j - the amulet of the Quahog (around neck) {rF+ Regen+ SInv}
   (You found it in the Dungeon)

   [amulet of regeneration]

   It protects you from fire.
   It lets you see invisible.
   It increases your rate of regeneration.
 r - a ring of positive energy (left hand)
 C - an uncursed ring of ice
 G - a ring of see invisible (right hand)
Wands
 t - a wand of disintegration (21)
 y - a wand of digging (6)
Scrolls
 i - 2 scrolls of blinking
 k - 4 scrolls of identify
 m - a scroll of remove curse
 n - a scroll of amnesia
 A - 4 scrolls of enchant weapon {unknown}
 B - a scroll of random uselessness {unknown}
 H - a scroll of fear {unknown}
Potions
 d - 4 potions of curing
 e - 3 potions of heal wounds
 f - 2 potions of haste
 g - 2 potions of magic
 h - a potion of berserk rage
 u - a potion of might
 z - a potion of degeneration {unknown}
 D - 3 potions of agility
 E - a potion of mutation
Books
 l - Sat Erae's Incunabulum of Ice
   (You found it in the Dungeon)

   Spells                             Type                      Level
   a - Ensorcelled Hibernation        Hexes/Ice                    2
   b - Freezing Cloud                 Conjuration/Ice/Air          6
   c - Simulacrum                     Ice/Necromancy               6
   Trog disapproves of the use of such an item.
Miscellaneous
 v - 3 phantom mirrors
Comestibles
 c - 6 rations
 F - 8 chunks of flesh


   Skills:
 + Level 17.3 Fighting
 * Level 22.8 Maces & Flails
 + Level 17.1 Armour
 + Level 15.9 Dodging


You had 11 spell levels left.
You didn't know any spells.

Dungeon Overview and Level Annotations

Branches:
Dungeon (1/1)

Altars:
Cheibriados
Dithmenos
Elyvilon
Fedhas
Gozag
Hepliaklqana
Kikubaaqudgha
Makhleb
Nemelex Xobeh
Okawaru
Qazlal
Ru
Sif Muna
Trog
Uskayaw
Vehumet
Wu Jian
Xom
Yredelemnul
Zin
The Shining One
Jiyva
Lugonu

Shops:
D ([[**[:}?(}[![[}?:=[**

Annotations:
D Tiamat


Innate Abilities, Weirdness & Mutations

You reflexively headbutt those who attack you in melee.
You have a pair of horns on your head.
Your body sometimes deteriorates upon taking damage.
You are frail. (-10% HP)


Message History

Your polar bear bites Tiamat but does no damage.
Your polar bear misses Tiamat.
Your polar bear claws Tiamat but does no damage.
Your iron troll bites Tiamat!!
Your iron troll barely misses Tiamat.
Your iron troll claws Tiamat but does no damage.
Your polar bear bites Tiamat.
Your polar bear barely misses Tiamat.
Your polar bear claws Tiamat but does no damage.
Tiamat hits your iron troll with a vampiric demon trident.
Tiamat tail-slaps your iron troll but does no damage.
Your iron troll bites Tiamat!!
Your iron troll claws Tiamat.
Your iron troll claws Tiamat but does no damage.
Your polar bear bites Tiamat!!
Your polar bear claws Tiamat!
Your polar bear claws Tiamat.
You catch the helpless Tiamat completely off-guard!
You hit Tiamat but do no damage.
Tiamat is almost dead.
Tiamat hits you with a vampiric demon trident!!!
* * * LOW HITPOINT WARNING * * *
Tiamat draws strength from your wounds! Tiamat tail-slaps you!!
You die...

#.###.....§§##.# #.........#)#
#'#.#..........####.....§...#.#
....#...######§#..'....§§####'#
..(.#....§..§#§#####...###..).#
#####....§§§#§§#...#####...####
.(.(....§.§≈####.........###
.).......§≈≈##.(.....#####
#.......≈≈≈###......##
###..≈≈≈≈### #:.@h.##
##.######.####.Td..#
∩∩########∩∩###.####
#∩∩∩∩∩∩∩∩∩∩###≈≈≈≈≈≈≈≈.
############ ##.####### #..0..+
#######


You could see Tiamat, a friendly iron troll (berserk) and a friendly polar bear
(berserk).

Vanquished Creatures
  A golden dragon (D)
  4 fire giants (D)
  A lorocyproca (D)
  2 centaur warriors (D)
  7 unseen horrors (D)
  A deep troll (D)
  A lindwurm (D)
  An oklob plant (D)
  A gargoyle (D)
  4 demonic crawlers (D)
  2 kobold demonologists (D)
  A hornet (D)
  A slime creature (D)
  2 redbacks (D)
  Sigmund (D)
  A yak (D)
  13 hogs (D)
  2 floating eyes (D)
  7 necrophages (D)
  An ogre (D)
  8 jellies (D)
  Ijyb (D)
  3 ballistomycetes (D)
66 creatures vanquished.

Vanquished Creatures (collateral kills)
  A shadow dragon (D)
  A hydra (D)
  Sonja (D)
  8 shining eyes (D)
  5 floating eyes (D)
16 creatures vanquished.

Vanquished Creatures (others)
  A gargoyle (D)
  2 ballistomycete spores (D)
3 creatures vanquished.

Grand Total: 85 creatures vanquished

Notes
Turn   | Place    | Note
-------+----------+-------------------------------------------
     0 | D        | wojtek the Minotaur Berserker began the quest for the Orb.
     0 | D        | Reached XP level 1. HP: 19/19 MP: 0/0
     1 | D        | Noticed Ijyb
     5 | D        | Killed Ijyb
     5 | D        | Reached skill level 5 in Maces & Flails
     5 | D        | Reached XP level 2. HP: 22/28 MP: 1/1
    68 | D        | Noticed an ogre
    72 | D        | Killed an ogre
    72 | D        | Reached skill level 7 in Maces & Flails
    72 | D        | Reached skill level 5 in Armour
    72 | D        | Reached XP level 3. HP: 37/37 MP: 2/2
    72 | D        | Reached XP level 4. HP: 44/44 MP: 3/3
   104 | D        | Noticed Sigmund
   112 | D        | Killed Sigmund
   112 | D        | Reached ** piety under Trog
   112 | D        | Reached skill level 9 in Maces & Flails
   112 | D        | Reached XP level 5. HP: 48/52 MP: 4/4
   135 | D        | Found a burning altar of Makhleb.
   135 | D        | Found a viscous altar of Jiyva.
   135 | D        | Found a shimmering altar of Xom.
   135 | D        | Found a corrupted altar of Lugonu.
   135 | D        | Noticed a slime creature
   140 | D        | Killed a slime creature
   140 | D        | Reached skill level 11 in Maces & Flails
   140 | D        | Reached XP level 6. HP: 62/62 MP: 5/5
   244 | D        | Found an ornate altar of the Wu Jian Council.
   244 | D        | Found a deep blue altar of Sif Muna.
   246 | D        | Found a radiant altar of Vehumet.
   277 | D        | Found Okejav's General Store.
   277 | D        | Found an ancient bone altar of Kikubaaqudgha.
   277 | D        | Found a hazy altar of Hepliaklqana.
   277 | D        | Found a stormy altar of Qazlal.
   277 | D        | Found a hide-covered altar of Uskayaw.
   277 | D        | Found a blossoming altar of Fedhas.
   277 | D        | Found a bloodstained altar of Trog.
   277 | D        | Found an iron altar of Okawaru.
   277 | D        | Found a basalt altar of Yredelemnul.
   277 | D        | Found a glowing golden altar of the Shining One.
   277 | D        | Found a snail-covered altar of Cheibriados.
   277 | D        | Found a sacrificial altar of Ru.
   277 | D        | Found a glowing silver altar of Zin.
   277 | D        | Found a shadowy altar of Dithmenos.
   277 | D        | Found a white marble altar of Elyvilon.
   277 | D        | Noticed a yak
   292 | D        | Killed a yak
   292 | D        | Reached *** piety under Trog
   292 | D        | Reached skill level 12 in Maces & Flails
   292 | D        | Reached XP level 7. HP: 53/70 MP: 6/6
   293 | D        | Found an opulent altar of Gozag.
   296 | D        | Found a sparkling altar of Nemelex Xobeh.
   331 | D        | Noticed a kobold demonologist
   332 | D        | Noticed a kobold demonologist
   341 | D        | Killed a kobold demonologist
   341 | D        | Reached skill level 10 in Fighting
   341 | D        | Reached skill level 13 in Maces & Flails
   351 | D        | Killed a kobold demonologist
   351 | D        | Reached **** piety under Trog
   351 | D        | Reached skill level 10 in Armour
   351 | D        | Reached XP level 8. HP: 80/80 MP: 7/7
   401 | D        | Noticed a centaur warrior
   401 | D        | Noticed a centaur warrior
   419 | D        | Killed a centaur warrior
   419 | D        | Reached skill level 14 in Maces & Flails
   419 | D        | Reached skill level 10 in Dodging
   424 | D        | Killed a centaur warrior
   424 | D        | Reached skill level 15 in Maces & Flails
   424 | D        | Reached XP level 9. HP: 90/90 MP: 8/8
   482 | D        | Noticed a deep troll
   485 | D        | Killed a deep troll
   485 | D        | Reached skill level 16 in Maces & Flails
   497 | D        | Found Ostibb's Armour Emporium.
   521 | D        | Noticed an oklob plant
   527 | D        | Killed an oklob plant
   527 | D        | Reached ***** piety under Trog
   527 | D        | Received a gift from Trog
   579 | D        | Reached XP level 10. HP: 78/100 MP: 9/9
   632 | D        | Reached skill level 17 in Maces & Flails
   782 | D        | Killed an unseen horror
   805 | D        | Killed an unseen horror
   898 | D        | Found Ypeuff's Gadget Shoppe.
   899 | D        | Found Nunotorch's Book Boutique.
   899 | D        | Found Vugoko Ludgh's Book Shop.
   899 | D        | Found Birar's Jewellery Emporium.
   920 | D        | Received a gift from Trog
   929 | D        | Reached skill level 18 in Maces & Flails
   948 | D        | Found Xozxuamp's Magic Scroll Boutique.
   949 | D        | Found Game's Assorted Antiques.
   952 | D        | Identified Sat Erae's Incunabulum of Ice
   969 | D        | Found Kuitwuq's Antique Weapon Emporium.
   969 | D        | Found Qipod's Gadget Shop.
   969 | D        | Found Ihypt's Armour Shoppe.
   969 | D        | Found Unolasin's Distillery.
   969 | D        | Found Toeh's Antique Armour Emporium.
   969 | D        | Found Urphuklep's Antique Armour Shop.
   969 | D        | Found Foiptoh's Gadget Shoppe.
   973 | D        | Found Xodghudi's Magic Scroll Boutique.
   989 | D        | Bought a pair of steaming boots for 285 gold pieces
   994 | D        | Identified the +0 pair of boots "Raett" {rF+} (You bought it in a shop in the Dungeon)
   995 | D        | Bought a runed scarf for 160 gold pieces
   995 | D        | Bought a runed hat for 140 gold pieces
  1009 | D        | Bought a coral ring for 150 gold pieces
  1012 | D        | Bought a scroll of identify for 28 gold pieces
  1069 | D        | Reached ****** piety under Trog
  1082 | D        | Received a gift from Trog
  1092 | D        | Got an iridescent scimitar {god gift}
  1229 | D        | Noticed a lindwurm
  1237 | D        | Killed a lindwurm
  1300 | D        | Reached skill level 19 in Maces & Flails
  1300 | D        | Reached XP level 11. HP: 104/109 MP: 3/10
  1309 | D        | Received a gift from Trog
  1361 | D        | Noticed a 12-headed hydra
  1365 | D        | Killed an 11-headed hydra
  1365 | D        | Received a gift from Trog
  1365 | D        | Paralysed by a floating eye for 4 turns
  1478 | D        | Noticed Sonja
  1480 | D        | Killed Sonja
  1498 | D        | Found Tisotso's Antique Weapon Boutique.
  1571 | D        | Noticed a shining eye
  1571 | D        | Noticed a shining eye
  1571 | D        | Noticed a shining eye
  1571 | D        | Gained mutation: You are frail. (-10% HP) [a shining eye]
  1576 | D        | Killed a shining eye
  1577 | D        | Reached skill level 15 in Fighting
  1580 | D        | Killed a shining eye
  1581 | D        | Noticed a shining eye
  1581 | D        | Killed a shining eye
  1582 | D        | Killed a shining eye
  1582 | D        | Reached skill level 20 in Maces & Flails
  1583 | D        | Killed a shining eye
  1583 | D        | Reached skill level 15 in Armour
  1584 | D        | Noticed a shining eye
  1584 | D        | Killed a shining eye
  1587 | D        | Noticed a shining eye
  1587 | D        | Noticed a shining eye
  1589 | D        | Gained mutation: Your body sometimes deteriorates upon taking damage. [a shining eye]
  1594 | D        | Received a gift from Trog
  1596 | D        | Killed a shining eye
  1599 | D        | Killed a shining eye
  1606 | D        | Found Emmoegea's Antique Armour Shoppe.
  1606 | D        | Found Xot Woum's Antique Armour Boutique.
  1606 | D        | Found Liloemi's Armour Emporium.
  1607 | D        | Found Deiverou's General Store.
  1632 | D        | Bought a +1 plate armour of cold resistance for 490 gold pieces
  1728 | D        | Killed a lorocyproca
  2037 | D        | Noticed a shadow dragon
  2038 | D        | Noticed a golden dragon
  2046 | D        | Killed a golden dragon
  2046 | D        | Reached skill level 21 in Maces & Flails
  2049 | D        | Killed a shadow dragon
  2054 | D        | Got a smoking amethyst amulet
  2138 | D        | Found Bic Ceac's General Store.
  2232 | D        | Bought a ration for 65 gold pieces
  2232 | D        | Bought a ration for 65 gold pieces
  2232 | D        | Identified the amulet of the Quahog {rF+ Regen+ SInv} (You found it in the Dungeon)
  2285 | D        | Bought a wand of digging (7) for 286 gold pieces
  2295 | D        | Bought a lumpy silvery potion for 27 gold pieces
  2295 | D        | Bought a scroll labeled XAFUR VUNTOPU for 30 gold pieces
  2295 | D        | Bought a scroll of identify for 60 gold pieces
  2295 | D        | Bought a scroll of identify for 60 gold pieces
  2295 | D        | Bought 3 scrolls labeled XAFUR VUNTOPU for 90 gold pieces
  2295 | D        | Bought a scroll labeled YVU VAELLU for 30 gold pieces
  2297 | D        | Bought an uncursed ring of ice for 300 gold pieces
  2308 | D        | Bought a scroll of blinking for 75 gold pieces
  2308 | D        | Bought 2 scrolls of enchant armour for 150 gold pieces
  2316 | D        | Bought a scroll of enchant armour for 105 gold pieces
  2321 | D        | Bought a wand of disintegration (9) for 169 gold pieces
  2324 | D        | Bought a potion of might for 52 gold pieces
  2324 | D        | Bought a potion of heal wounds for 65 gold pieces
  2324 | D        | Bought a potion of curing for 39 gold pieces
  2324 | D        | Bought 3 potions of agility for 156 gold pieces
  2324 | D        | Bought a potion of mutation for 104 gold pieces
  2328 | D        | Bought a phantom mirror for 360 gold pieces
  2328 | D        | Bought a phantom mirror for 360 gold pieces
  2402 | D        | Noticed a daeva
  2405 | D        | Noticed an unseen horror
  2405 | D        | Noticed an unseen horror
  2405 | D        | Noticed an unseen horror
  2410 | D        | Killed an unseen horror
  2410 | D        | Reached XP level 12. HP: 74/109 MP: 3/11
  2424 | D        | Reached skill level 15 in Dodging
  2529 | D        | Noticed a fire giant
  2541 | D        | Killed a fire giant
  2541 | D        | Reached skill level 22 in Maces & Flails
  2559 | D        | Noticed a fire giant
  2560 | D        | Noticed a fire giant
  2581 | D        | Killed a fire giant
  2587 | D        | Killed a fire giant
  2587 | D        | Received a gift from Trog
  2600 | D        | Noticed a fire giant
  2610 | D        | Killed a fire giant
  2654 | D        | Noticed Tiamat
  2702 | D        | Demolished by Tiamat

Skill      XL: |  1  2  3  4  5  6  7  8  9 10 11 12 |
---------------+-------------------------------------+-----
Fighting       | 4 6 7 8 9 10 11 12 14 16 17 | 17.3
Maces & Flails | 5 7 9 11 12 13 15 16 19 21 22 | 22.8
Armour         | 3 5 6 8 10 11 12 14 16 17 | 17.1
Dodging        | 3 4 6 7 9 10 11 13 14 15 | 15.9

Action                   |  1- 3 |  4- 6 |  7- 9 | 10-12 || total
-------------------------+-------+-------+-------+-------++-------
Melee: Mace              |     6 |    26 |    43 |    84 ||   159
       Headbutt          |       |     5 |    12 |    51 ||    68
       Dire flail        |       |       |       |   147 ||   147
Invok: Berserk           |     1 |     1 |     4 |     3 ||     9
       Brothers in Arms  |       |       |       |    13 ||    13
       Trog's Hand       |       |       |       |     1 ||     1
Evoke: Wand              |       |       |       |     2 ||     2
  Use: Scroll            |       |       |       |     7 ||     7
       Potion            |       |       |       |     2 ||     2
 Stab: Distracted        |       |       |       |     1 ||     1
  Eat: Chunk             |       |       |     4 |     3 ||     7
       Ration            |       |       |       |     3 ||     3
Armor: Ring mail         |       |     9 |    11 |    32 ||    52
       Plate armour      |       |       |       |    15 ||    15
       Gold dragon scale |       |       |       |    16 ||    16
Dodge: Dodged            |     4 |     8 |    23 |   114 ||   149
